 Dungeon Crawl Stone Soup version 0.29.1-12-g30fa7ad0bf (webtiles) character file.

Game seed: 3894877384801053900

401 booth the Ruffian (level 6, -3/57 HPs)
             Began as a Troll Gladiator on Jan 5, 2023.
             Killed from afar by an orc wizard (8 damage)
             ... with a magic dart
             ... on level 4 of the Dungeon.
             The game lasted 00:14:55 (2348 turns).

booth the Ruffian (Troll Gladiator)                 Turns: 2348, Time: 00:14:56

Health: -3/57      AC:  4    Str: 25    XL:     6   Next: 54%
Magic:  5/5        EV: 10    Int:  4    God:
Gold:   226        SH:  0    Dex: 11    Spells: 5/5 levels left

rFire   . . .      SeeInvis .     - Unarmed
rCold   . . .      Faith    .   (no shield)
rNeg    . . .      Spirit   .   a - +0 robe
rPois   .          Reflect  .   b - +0 hat
rElec   .          Harm     .   (no cloak)
rCorr   .          Rampage  .   (gloves unavailable)
Will    .....                   (boots unavailable)
Stlth   +.........              (no amulet)
HPRegen 0.99/turn               (no ring)
MPRegen 0.09/turn               (no ring)

@: mighty
A: large, unfitting armour, claws 3, regeneration 1, shaggy fur 1, tough skin 1
a: no special abilities


You were on level 4 of the Dungeon.
You visited 1 branch of the dungeon, and saw 4 of its levels.

You collected 226 gold pieces.

Inventory:

Missiles
 c - 3 throwing nets (quivered)
 d - 3 large rocks
 f - 26 stones
 j - 2 datura-tipped darts
 r - 2 poisoned darts
Armour
 a - a +0 robe (worn)
 b - a +0 hat (worn)
Scrolls
 e - a scroll of poison
 l - 2 scrolls of teleportation
Potions
 h - a potion of might


   Skills:
 + Level 2.3 Fighting
 + Level 2.3 Throwing
 + Level 3.7 Dodging
 + Level 0.4 Stealth
 + Level 5.8 Unarmed Combat


You had 5 spell levels left.
You didn't know any spells.
Your spell library contained the following spells:

 Spells                   Type           Power      Damage    Failure   Level
 Confusing Touch          Hex            0%         N/A       86%         3
 Yara's Violent Unravell  Hex/Tmut       0%         3d3       100%        5
 Enfeeble                 Hex            0%         N/A       100%        7


Dungeon Overview and Level Annotations

Branches:
Dungeon (4/15)
 Temple: D:4-7

Altars:
Okawaru


Innate Abilities, Weirdness & Mutations

You are too large for most types of armour.
You have claws for hands.
Your natural rate of healing is unusually fast.
You are covered in fur. (AC +1)
You have tough skin. (AC +1)


Message History

The puff of flame hits you!
* * * LOW HITPOINT WARNING * * *
The orc wizard barely misses you. Something hits you.
* * * LOW HITPOINT WARNING * * *
The orc wizard attacks as you move away!
The orc wizard hits you but does no damage.
Something hits you.
* * * LOW HITPOINT WARNING * * *
You feel less confused.
You barely miss something. Something hits you.
* * * LOW HITPOINT WARNING * * *
The orc wizard hits you with a +1 dagger of holy wrath.
* * * LOW HITPOINT WARNING * * *
The orc wizard attacks as you move away!
The orc wizard barely misses you.
The orc wizard points at you and mumbles some strange words.
The magic dart hits something.
Something hits you.
* * * LOW HITPOINT WARNING * * *
Found 2 lumpy ruby potions.
Something hits you.
* * * LOW HITPOINT WARNING * * *
A magic dart appears from out of thin air!
The magic dart hits you.
* * * LOW HITPOINT WARNING * * *
You hear some strange, mumbled words.
You are confused.
Something hits you.
* * * LOW HITPOINT WARNING * * *
The orc wizard points at you and mumbles some strange words.
Something hits you but does no damage.
You feel very mighty all of a sudden.
The orc wizard gestures at you while chanting.
The magic dart hits you!
* * * LOW HITPOINT WARNING * * *
Something hits you but does no damage.
You feel less confused.
A magic dart appears from out of thin air!
The magic dart hits you!
You die...

#... #...# ##....#.
####..#....
###########.......#
##.....##....o.....###
##..o...$.....{..)..<..
#..................####
#....o..........@..#
#....o...........###
#....<...........#
#.............)..#
#............)<..#
##>..........)..##
##.....##.....##
##############


You could see an orc wizard.

Vanquished Creatures
  Sigmund (D:2)
  A scorpion (D:3)
  A bullfrog (D:4)
  A gnoll (D:1)
  6 adders
  A worm (D:3)
  A dart slug (D:2)
  2 orcs (D:4)
  9 ball pythons
  3 endoplasms
  2 giant cockroaches
  6 goblins
  3 hobgoblins
  7 jackals
  5 kobolds
  5 bats
  3 frilled lizards
  A rat (D:3)
58 creatures vanquished.

Notes
Turn   | Place    | Note
-------+----------+-------------------------------------------
     0 | D:1      | booth the Troll Gladiator began the quest for the Orb.
     0 | D:1      | Reached XP level 1. HP: 19/19 MP: 0/0
   146 | D:1      | Found a faded altar of an unknown god.
   457 | D:1      | Reached XP level 2. HP: 27/27 MP: 1/1
  1012 | D:2      | Reached XP level 3. HP: 35/35 MP: 2/2
  1229 | D:2      | Noticed Sigmund
  1238 | D:2      | Killed Sigmund
  1239 | D:2      | Reached skill level 4 in Unarmed Combat
  1239 | D:2      | Reached XP level 4. HP: 23/42 MP: 3/3
  1239 | D:2      | Reached XP level 5. HP: 27/49 MP: 4/4
  1323 | D:2      | Reached skill level 5 in Unarmed Combat
  1871 | D:3      | Reached XP level 6. HP: 55/57 MP: 5/5
  2020 | D:3      | Found an iron altar of Okawaru.
  2348 | D:4      | Killed from afar by an orc wizard

Illustrated notes

Levels and vault maps discovered:
D:1:      sevenhm_arrival_forest_fort_large_2, layout_loops_cross,
          hellmonk_ecumenical_altar_blasted
D:2:      cheibrodos_old_hovel, layout_rooms, uniq_sigmund
D:3:      layout_basic, kennysheep_okawaru_gauntlet
D:4:      layout_rooms, cheibriados_altar_1, uniq_edmund

Skill      XL: |  1  2  3  4  5 |
---------------+----------------+-----
Throwing       | 2 |  2.3
Fighting       | 2 |  2.3
Dodging        | 3 |  3.7
Unarmed Combat | 4 5 |  5.8
Stealth        | |  0.4

Action                   |  1- 3 |  4- 6 || total
-------------------------+-------+-------++-------
Melee: Unarmed           |    62 |    82 ||   144
       Punch             |     2 |     1 ||     3
Throw: Large rock        |     1 |     1 ||     2
  Use: Scroll            |     2 |     6 ||     8
       Potion            |       |     5 ||     5
 Stab: Sleeping          |       |     1 ||     1
Armor: Robe              |    20 |    28 ||    48
Dodge: Dodged            |    24 |    43 ||    67
